 Dungeon Crawl Stone Soup version 0.22.1-2-g9c5b331 (webtiles) character file.

53 nightchill the Ruffian (level 3, 0/31 HPs)
             Began as a Ghoul Warper on Nov 24, 2018.
             Slain by a gnoll (5 damage)
             ... on level 2 of the Dungeon.
             The game lasted 00:04:00 (2149 turns).

nightchill the Ruffian (Ghoul Warper)               Turns: 2149, Time: 00:04:01

Health: 0/31       AC:  3    Str: 14    XL:     3   Next: 89%
Magic:  4/4        EV: 11    Int:  9    God:
Gold:   135        SH:  0    Dex:  8    Spells: 5/5 levels left

rFire    . . .     SeeInvis .     - Unarmed
rCold    + . .     Gourm    .   (no shield)
rNeg     + + +     Faith    .   a - +0 leather armour
rPois    ∞         Spirit   .   (no helmet)
rElec    .         Reflect  .   (no cloak)
rCorr    .         Harm     .   (no gloves)
MR       .....                  (no boots)
Stlth    +.........             (no amulet)
HPRegen  0.00/turn              (no ring)
MPRegen  0.09/turn              (no ring)

@: very slightly contaminated, rotting
A: rotting body, claws 1, carnivore, cold resistance 1, negative energy
resistance 3, inhibited regeneration, torment resistance, unbreathing
a: no special abilities


You were on level 2 of the Dungeon.
You were not hungry.

You visited 1 branch of the dungeon, and saw 3 of its levels.

You collected 135 gold pieces.

Inventory:

Missiles
 d - 5 tomahawks of dispersal (quivered)
 h - 180 stones
 i - 3 javelins
Armour
 a - a +0 leather armour (worn)
 t - a +0 cloak
Jewellery
 e - a +4 ring of strength {unknown}
 q - an uncursed ring of stealth {unknown}
 u - an uncursed ring of wizardry {unknown}
Scrolls
 b - a scroll of teleportation {unknown}
 g - 3 scrolls of identify {unknown}
 j - a scroll of fear {unknown}
 l - a scroll of magic mapping {unknown}
 p - a scroll of amnesia {unknown}
Potions
 k - a potion of haste {unknown}
 m - a potion of lignification {unknown}
 n - 2 potions of heal wounds {unknown}
 r - a potion of agility {unknown}
 s - a potion of cancellation {unknown}
Comestibles
 f - 4 rations


   Skills:
 + Level 3.1 Fighting
 - Level 0.8 Throwing
 - Level 0.8 Armour
 - Level 1.7 Dodging
 * Level 3.9 Unarmed Combat
 - Level 1.7 Spellcasting
   Level 2.6 Translocations


You had 5 spell levels left.
You didn't know any spells.
Your spell library contained the following spells:

 Spells                   Type           Power        Failure   Level  Hunger
 Blink                    Tloc           N/A          22%         2    ###....
 Shroud of Golubria       Chrm/Tloc      #.........   36%         2    ###....
 Gell's Gravitas          Tloc           #.........   38%         3    ####...
 Lesser Beckoning         Tloc           #.........   38%         3    ####...
 Teleport Other           Tloc           #.......     38%         3    ####...
 Passage of Golubria      Tloc           N/A          80%         4    #####..


Dungeon Overview and Level Annotations

Branches:
Dungeon (3/15)

Altars:


Innate Abilities, Weirdness & Mutations

Your body is rotting away.
You thrive on raw meat.
You are immune to poison.
You have sharp fingernails.
You are carnivorous and can eat meat at any time.
Your flesh is cold resistant. (rC+)
You are immune to negative energy. (rN+++)
You do not regenerate when monsters are visible.
You are immune to unholy pain and torment.
You can survive without breathing.


Message History

A rat comes into view.
A frilled lizard and a quokka come into view.
The frilled lizard hisses angrily.
Found a stone staircase leading down.
An adder comes into view.
The rat bites you.
* * * LOW HITPOINT WARNING * * *
The orc closely misses you. The orc hits you but does no damage.
Blink to where?
Press: ? - help, Dir - move target cursor You are very lightly contaminated with residual magic.
As you read the scroll of blinking, it crumbles to dust.
The goblin shouts!
The gnoll misses you. The gnoll hits you but does no damage.
You climb upwards.
There is a stone staircase leading down here.
You claw the gnoll!
The gnoll is severely wounded.
The gnoll hits you.
You die...

.....# ##.###............####..##
.....# #..###.#.########.........
.....###........# #...#.###.
##.............## ##...#.###.
#.##...........## ###.......>.#
#.##.#..######..####......#.##.#
#......## ##..#...######.##..
####....# ##g..### #.####
###....#######@<.##### #.# #
###....#.........#.....#####.# #
....#..##..#......####....##.# #
......##...#.>....# ####.##.# #
....#.##.#........#######....####
......##.###.....................
.........# #......#######........
......#### ######## #........
....### ##.......


You could see a gnoll.

Vanquished Creatures
  A worm (D:2)
  3 dart slugs (D:1)
  2 leopard geckos
  A ball python (D:1)
  A giant cockroach (D:1)
  5 goblins (D:1)
  8 hobgoblins
  A quokka (D:2)
  4 bats (D:1)
  5 frilled lizards
  5 kobolds
  6 rats
42 creatures vanquished.

Notes
Turn   | Place    | Note
-------+----------+-------------------------------------------
     0 | D:1      | nightchill the Ghoul Warper began the quest for the Orb.
     0 | D:1      | Reached XP level 1. HP: 17/17 MP: 2/2
   149 | D:1      | Reached XP level 2. HP: 25/25 MP: 3/3
   668 | D:1      | Reached XP level 3. HP: 26/30 MP: 4/4
  2149 | D:2      | Slain by a gnoll

Skill      XL: |  1  2  3 |
---------------+----------+-----
Unarmed Combat | 3 |  3.9
Fighting       | 3 |  3.1
Throwing       | |  0.8
Armour         | |  0.8
Dodging        | |  1.7
Spellcasting   | |  1.7
Translocations | |  2.6

Action                   || total
-------------------------++-------
Melee: Unarmed           ||   130
       Punch             ||     2
  Use: Scroll            ||     2
  Eat: Chunk             ||    10
Armor: Leather armour    ||    45
Dodge: Dodged            ||    77
